 Dungeon Crawl Stone Soup version 0.30-a0-571-gdf30a72648 (webtiles) character file.

Game seed: 17459210763780254321

42 billz999 the Magician (level 3, -1/25 HPs)
             Began as a Djinni Hedge Wizard on Dec 29, 2022.
             Slain by a gnoll
             ... wielding a +2 flail of protection
             ... led by a gnoll bouda
              (3 damage)
             ... on level 2 of the Dungeon.
             The game lasted 00:02:09 (1184 turns).

billz999 the Magician (Djinni Hedge Wizard)         Turns: 1184, Time: 00:02:10

Health: -1/25      AC:  2    Str:  9    XL:     3   Next: 77%
Gold:   66         EV: 12    Int: 17    God:
                   SH:  0    Dex: 18

rFire   + + .      SeeInvis .    i - +0 whip (elec)
rCold   x . .      Faith    .    (no shield)
rNeg    . . .      Spirit   .    b - +0 robe
rPois   ∞          Reflect  .    c - +0 hat
rElec   .          Harm     .    (no cloak)
rCorr   .          Rampage  .    (no gloves)
Will    .....                    (boots unavailable)
Stlth   ++                       (no amulet)
HPRegen 0.24/turn                l - +6 ring of dexterity
MPRegen 0.00/turn                (no ring)

@: brilliant, flying, very slightly contaminated
A: sickness immunity, fire resistance 2, cold vulnerability 1, float, innate
caster, HP casting, extra vitality 1
a: no special abilities


You were on level 2 of the Dungeon.
You visited 1 branch of the dungeon, and saw 2 of its levels.

You collected 66 gold pieces.

Inventory:

Hand Weapons
 a - a +0 dagger
 i - a +0 whip of electrocution (weapon)
Armour
 b - a +0 robe (worn)
 c - a +0 hat (worn)
Magical Staves
 g - a staff of poison
Jewellery
 l - a +6 ring of dexterity (left hand)
Wands
 h - a wand of acid (15)
Scrolls
 f - a scroll of teleportation
 j - a scroll of enchant armour {unknown}
Potions
 d - a potion of magic
 e - a potion of cancellation {unknown}
 k - a potion of brilliance


   Skills:
 - Level 2.1 Dodging
 - Level 1.5 Stealth
 + Level 3.5 Spellcasting


You couldn't memorise any spells.
You knew the following spells:

 Your Spells              Type           Power      Damage    Failure   Level
a - Magic Dart            Conj           88%        1d7       4%          1
b - Slow                  Hex            88%        N/A       4%          1
c - Blink                 Tloc           44%        N/A       6%          2
d - Call Imp              Summ           22%        N/A       6%          2
e - Cigotuvi's Dreadful   Necr/Pois/Air  44%        N/A       6%          2
f - Mephitic Cloud        Conj/Pois/Air  22%        N/A       12%         3
g - Sandblast             Erth           44%        2d11      4%          1
Your spell library was empty.

Dungeon Overview and Level Annotations

Branches:
Dungeon (2/15)

Altars:

Shops:
D:2 (


Innate Abilities, Weirdness & Mutations

You are immune to sickness and miasma.
You are immune to poison.
Your flesh is very heat resistant. (rF++)
You are vulnerable to cold. (rC-)
You float through the air rather than walking.
You learn spells naturally, not from books.
Your magical power is your life essence.
You have superior vitality. (+4 MHP)


Message History

The blast of sand hits the gnoll!
You kill the gnoll!
Your crimson imp blinks!
Casting: Sandblast (safe; 4% risk of failure)
Confirm with . or Enter, or press ? or * to list all spells.
Aiming: Sandblast (safe; 4% risk of failure)
Press: ? - help, Shift-Dir - straight line, f - gnoll
Aim: a gnoll, wielding a +2 flail of protection (ally target, 84% to hit)
The blast of sand hits the gnoll but does no damage.
The gnoll hits you with a +2 flail of protection!
Casting: Sandblast (safe; 4% risk of failure)
Confirm with . or Enter, or press ? or * to list all spells.
Aiming: Sandblast (safe; 4% risk of failure)
Press: ? - help, Shift-Dir - straight line, f/p - gnoll
Aim: a gnoll, wielding a +2 flail of protection (ally target, 84% to hit)
The blast of sand hits the gnoll but does no damage.
The gnoll hits you with a +2 flail of protection.
* * * LOW HITPOINT WARNING * * *
The gnoll hits you with a +2 flail of protection.
* * * LOW HITPOINT WARNING * * *
Casting: Sandblast (safe; 4% risk of failure)
Confirm with . or Enter, or press ? or * to list all spells.
Okay, then.
Casting: Sandblast (safe; 4% risk of failure)
Confirm with . or Enter, or press ? or * to list all spells.
You miscast Blink.
You are very lightly contaminated with residual magic.
Nothing appears to happen.
* * * LOW HITPOINT WARNING * * *
Your crimson imp blinks!
The gnoll closely misses you.
Casting: Blink (safe; 6% risk of failure)
Confirm with . or Enter, or press ? or * to list all spells.
You don't have enough health to cast this spell.
Unknown command.
It was a potion of brilliance.
You feel clever all of a sudden.
Your crimson imp hits the gnoll but does no damage.
The gnoll hits you with a +2 flail of protection.
You die...

#.# #####... #.# #### #.# #
#.# # #.# # #.###### ##
#>##...###....
#.##.#........ #.##5.@#
#.###g## ######.# #.#
#......# #.# ######.######
#.# .........#
#.#################
######.#.#
#.##.(.............
#.#.######.##.##############
#.#........##.#


You could see a gnoll (ally target) and a friendly crimson imp (summoned).

Vanquished Creatures
  A gnoll (D:2)
  A dart slug (D:1)
  4 ball pythons
  An endoplasm (D:2)
  3 goblins
  4 hobgoblins
  4 jackals (D:2)
  2 kobolds
  5 bats
  2 rats (D:1)
27 creatures vanquished.

Notes
Turn   | Place    | Note
-------+----------+-------------------------------------------
     0 | D:1      | billz999 the Djinni Hedge Wizard began the quest for the
                  | Orb.
     0 | D:1      | billz999 set off with the following spells memorised: Magic
                  | Dart, Slow, Blink, Call Imp, Cigotuvi's Dreadful Rot,
                  | Mephitic Cloud.
     0 | D:1      | Reached XP level 1. HP: 15/15 MP: 0/0
   165 | D:1      | Reached XP level 2. HP: 20/21 MP: 0/0
   337 | D:1      | Reached skill level 3 in Spellcasting
   807 | D:2      | Found Tusoudd's Antique Weapon Boutique.
   831 | D:2      | Reached XP level 3. HP: 23/25 MP: 0/0
   831 | D:2      | Learned a level 1 spell: Sandblast
  1184 | D:2      | Slain by a gnoll

Illustrated notes

Levels and vault maps discovered:
D:1:      eino_arrival_water_star, layout_loops_ring, roderic_serpentine_path,
          hangedman_decor_diamond_cutter
D:2:      layout_loops_ring, basic_altar, serial_shops, nicolae_shop_trees

Skill      XL: |  1  2 |
---------------+-------+-----
Spellcasting   | 3 |  3.5
Dodging        | |  2.1
Stealth        | |  1.5

Action                   || total
-------------------------++-------
Melee: Whip              ||     2
 Cast: Magic Dart        ||    58
       Sandblast         ||     8
       Call Imp          ||     1
  Use: Scroll            ||     1
       Potion            ||     1
Armor: Robe              ||     1
Dodge: Dodged            ||    11

Table legend: (Time is in decaauts)
 A = Elapsed time spent in this place.
 B = Non-inter-level travel time spent in this place.
 C = Inter-level travel time spent in this place.
 D = Time resting spent in this place.
 E = Time spent auto-exploring this place.
 F = Levels seen in this place.
 G = Mean time per level.
                   A        B        C        D        E       F      G
               +--------+--------+--------+--------+--------+-----+--------+
         Total |   1187 |   1179 |      8 |      3 |   1044 |   2 |  593.5 |
       Dungeon |   1187 |   1179 |      8 |      3 |   1044 |   2 |  593.5 |
               +--------+--------+--------+--------+--------+-----+--------+

Top non-repeatable levels by time:
     D:1: 755 daAuts
     D:2: 432 daAuts
